 Dungeon Sprint DCSS version 0.30-a0-948-g4fa250aae5 (webtiles) character file.

Game seed: 12639941052259698401

408 fozzywoppz the Basher (level 7, -7/63 HPs)
             Began as a Formicid Fighter on Mar 26, 2023.
             Was an Initiate of Okawaru.
             Mangled by a komodo dragon (25 damage)
             ... in the Dungeon (Sprint IX: "|||||||||||||||||||||||||||||").
             The game lasted 00:02:25 (176 turns).

fozzywoppz the Basher (Formicid Fighter)             Turns: 176, Time: 00:02:26

Health: -7/63      AC: 14    Str: 22    XL:     7   Next: 13%
Magic:  7/7        EV:  8    Int: 14    God:    Okawaru [......]
Gold:   0          SH:  6    Dex: 13    Spells: 6/6 levels left

rFire   . . .      SeeInvis +    l - +2 morningstar (holy)
rCold   . . .      Faith    .    c - +0 buckler
rNeg    . . .      Spirit   .    n - +1 chain mail
rPois   .          Reflect  .    (helmet unavailable)
rElec   .          Rampage  .    m - +0 cloak
rCorr   .                        a - +0 pair of gloves
Will    .....                    (no boots) Stlth
                                 (no amulet)
HPRegen 0.30/turn                b - +3 ring of intelligence
MPRegen 0.10/turn                o - +3 ring of intelligence

@: mighty
A: permanent stasis, dig shafts and tunnels, antennae 3, four strong arms
a: Dig, Renounce Religion


You were in the Dungeon.
You worshipped Okawaru.
Okawaru was noncommittal.
You visited 1 branch

Inventory:

Hand Weapons
 l - a +2 morningstar of holy wrath (weapon)
Armour
 a - a +0 pair of gloves (worn)
 c - a +0 buckler (worn)
 m - a +0 cloak (worn)
 n - a +1 chain mail (worn)
Jewellery
 b - a +3 ring of intelligence (left hand)
 o - a +3 ring of intelligence (right hand)
Wands
 k - a wand of quicksilver (10)
Scrolls
 h - 2 scrolls of blinking
 j - 2 scrolls of amnesia
Potions
 e - a potion of invisibility
 g - 4 potions of magic
 i - 4 potions of curing


   Skills:
 + Level 8.9 Fighting
 + Level 8.9 Maces & Flails
 - Level 8.0 Armour
 - Level 8.0 Shields


You had 6 spell levels left.
You didn't know any spells.
Your spell library was empty.

Dungeon Overview and Level Annotations

Branches:
Dungeon (1/1)

Altars:
Cheibriados
Dithmenos
Elyvilon
Fedhas
Gozag
Hepliaklqana
Kikubaaqudgha
Makhleb
Nemelex Xobeh
Okawaru
Qazlal
Ru
Sif Muna
Trog
Uskayaw
Vehumet
Wu Jian
Xom
Yredelemnul
Zin
The Shining One
Jiyva
Lugonu


Innate Abilities, Weirdness & Mutations

You cannot be hasted, slowed, berserked, paralysed or teleported.
You can dig through walls and to a lower floor.
You have a pair of large antennae on your head. (SInv)
Your four strong arms can wield two-handed weapons with a shield.


Message History

You block the unseen horror's attack. The unseen horror hits you.
You thump the unseen horror!
The unseen horror is almost dead.
The unseen horror completely misses you.
The unseen horror hits you but does no damage. x2
You sock the unseen horror!
You kill the unseen horror!
Okawaru is honoured by your kill. The komodo dragon bites you!!
* * * LOW HITPOINT WARNING * * *
Training target 8.0 for Shields reached!
Training target 8.0 for Armour reached!
Your Fighting skill gained 2 levels and is now at level 8!
Your Maces & Flails skill gained 3 levels and is now at level 8!
Your Armour skill gained 2 levels and is now at level 8!
Your Shields skill increases to level 8!
You have reached level 6!
You have reached level 7!
You feel much better. The komodo dragon bites you.
You closely miss the komodo dragon. The komodo dragon bites you!
* * * LOW HITPOINT WARNING * * *
You feel much better. The komodo dragon bites you!!
You barely miss the komodo dragon. You block the komodo dragon's attack.
You puncture the komodo dragon!
The komodo dragon is lightly wounded.
The komodo dragon bites you but does no damage.
You puncture the komodo dragon!
The komodo dragon is heavily wounded.
The komodo dragon closely misses you.
You hit the komodo dragon.
The komodo dragon is heavily wounded.
The komodo dragon barely misses you.
You impale the komodo dragon!!
The komodo dragon is almost dead.
The komodo dragon bites you.
* * * LOW HITPOINT WARNING * * *
You closely miss the komodo dragon.
The komodo dragon is almost dead.
The komodo dragon bites you!!
You die...

▓.▓
▓.▓
▓Y▓
▓o▓
▓T▓
▓o▓
▓l▓
▓@▓
{
▓.▓
{
▓[▓
{
▓.▓
{
▓.▓
{
▓)▓
{
▓)▓
{
▓.▓
{
▓.▓


You could see a komodo dragon, a yak, a troll, an orc warrior and an orc wizard
(invisible).

Vanquished Creatures
  An unseen horror (D)
  A phantom (D)
  A scorpion (D)
  A white imp (D)
  A worm (D)
  A dart slug (D)
  3 goblins (D)
  A hobgoblin (D)
  A rat (D)
11 creatures vanquished.

Notes
Turn   | Place    | Note
-------+----------+-------------------------------------------
     0 | D        | fozzywoppz the Formicid Fighter began the quest for the
                  | Orb.
     0 | D        | Reached XP level 1. HP: 18/18 MP: 1/1
    16 | D        | Reached XP level 2. HP: 25/25 MP: 2/2
    22 | D        | Noticed a phantom
    22 | D        | Noticed a scorpion
    43 | D        | Killed a scorpion
    44 | D        | Reached skill level 5 in Fighting
    44 | D        | Reached skill level 5 in Armour
    44 | D        | Reached XP level 3. HP: 30/33 MP: 3/3
    44 | D        | Reached XP level 4. HP: 35/39 MP: 4/4
    52 | D        | Killed a phantom
    53 | D        | Reached skill level 5 in Maces & Flails
    53 | D        | Reached XP level 5. HP: 36/47 MP: 5/5
    65 | D        | Found a snail-covered altar of Cheibriados.
    65 | D        | Found a shadowy altar of Dithmenos.
    65 | D        | Found a white marble altar of Elyvilon.
    65 | D        | Found a blossoming altar of Fedhas.
    65 | D        | Found an opulent altar of Gozag.
    66 | D        | Found a hazy altar of Hepliaklqana.
    67 | D        | Found a viscous altar of Jiyva.
    68 | D        | Found an ancient bone altar of Kikubaaqudgha.
    69 | D        | Found a corrupted altar of Lugonu.
    70 | D        | Found a burning altar of Makhleb.
    71 | D        | Found a sparkling altar of Nemelex Xobeh.
    72 | D        | Found an iron altar of Okawaru.
    73 | D        | Found a stormy altar of Qazlal.
    74 | D        | Found a sacrificial altar of Ru.
    75 | D        | Found a shimmering blue altar of Sif Muna.
    76 | D        | Found a bloodstained altar of Trog.
    77 | D        | Found a hide-covered altar of Uskayaw.
    78 | D        | Found a radiant altar of Vehumet.
    79 | D        | Found an ornate altar of the Wu Jian Council.
    80 | D        | Found a shimmering altar of Xom.
    81 | D        | Found a basalt altar of Yredelemnul.
    82 | D        | Found a glowing silver altar of Zin.
    83 | D        | Found a glowing golden altar of the Shining One.
    98 | D        | Became a worshipper of Warmaster Okawaru
   159 | D        | Noticed a yak
   159 | D        | Noticed a troll
   159 | D        | Noticed an orc warrior
   159 | D        | Noticed a komodo dragon
   159 | D        | Noticed an unseen horror
   167 | D        | Killed an unseen horror
   168 | D        | Reached XP level 6. HP: 9/57 MP: 6/6
   168 | D        | Reached XP level 7. HP: 11/63 MP: 7/7
   176 | D        | Mangled by a komodo dragon

Illustrated notes

Levels and vault maps discovered:
D:        linesprint [early_d, line_temple, items_1, d_10, items_2, lair_1,
          lair_end, items_3, orc_1, orc_end, items_4, d_15, swamp_1, shoals_1,
          snake_1, spider_1, d_20, vaults_1, items_5, swamp_end, shoals_end,
          snake_end, spider_end, vaults_end, d_27, items_6, zot_1, zot_end,
          crypt_end, forest_end, elf_end, slime_end, tomb_end, abyss_end,
          pan_hell_end]

Skill      XL: |  1  2  3  4  5 |
---------------+----------------+-----
Fighting       | 5 6 8 |  8.9
Armour         | 5 6 8 |  8.0
Maces & Flails | 4 5 8 |  8.9
Shields        | 6 7 8 |  8.0

Action                     |  1- 3 |  4- 6 |  7- 9 || total
---------------------------+-------+-------+-------++-------
  Melee: Flail             |    31 |    15 |       ||    46
         Morningstar       |       |     7 |     7 ||    14
    Use: Potion            |     2 |     1 |     2 ||     5
 Armour: Scale mail        |    16 |     7 |       ||    23
         Chain mail        |       |     4 |     1 ||     5
  Dodge: Dodged            |     8 |     5 |     2 ||    15
  Block: Buckler           |     3 |     6 |     1 ||    10

Table legend: (Time is in decaauts)
 A = Elapsed time spent in this place.
 B = Non-inter-level travel time spent in this place.
 C = Inter-level travel time spent in this place.
 D = Time resting spent in this place.
 E = Time spent auto-exploring this place.
 F = Levels seen in this place.
 G = Mean time per level.
                   A        B        C        D        E       F      G
               +--------+--------+--------+--------+--------+-----+--------+
         Total |    189 |    189 |      0 |      0 |      0 |   1 |  189.0 |
       Dungeon |    189 |    189 |      0 |      0 |      0 |   1 |  189.0 |
               +--------+--------+--------+--------+--------+-----+--------+

Top non-repeatable levels by time:
       D: 189 daAuts
